PAAA
OCEANSIDE AVIATORS @ ALLOWAY HALBERDS
09/02/2020
 
TOP OF THE 1ST
Oceanside Aviators batting - Pitching for Alloway Halberds : RHP Joe Holmes
Pitching: RHP Joe Holmes
Batting: SHB Joe Mueller 0-0: SINGLE (Flyball, 7LS)
Batting: RHB Eric D'Angle 0-0: Called Strike
0-1: Swinging Strike
Balk!
Joe Mueller to second
0-2: Foul Ball, location: 2F
0-2: Strikes out swinging
Batting: RHB Tim Little 0-0: Fly out, F6 (Line Drive, 6M)
Batting: RHB Jacob Holt 0-0: Called Strike
0-1: Swinging Strike
0-2: Fly out, F8 (Flyball, 8LM)
Top of the 1st over - 0 run(s), 1 hit(s), 0 error(s), 1 left on base; Oceanside 0 - Alloway 0
BOTTOM OF THE 1ST
Alloway Halberds batting - Pitching for Oceanside Aviators : LHP Jim Unknown
Pitching: LHP Jim Unknown
Batting: RHB Maurice Wiebe 0-0: Ground out 6-3 (Groundball, 6)
Batting: RHB Bill Stewart 0-0: Called Strike
0-1: Ball
1-1: Ground out 6-3 (Groundball, 6M)
Batting: RHB Jonathan Cundall 0-0: Called Strike
0-1: Foul Ball, location: 2F
0-2: SINGLE (Line Drive, 34)
Batting: LHB Francisco Rivas 0-0: Ball
1-0: Ground out 6-3 (Groundball, 6)
Bottom of the 1st over - 0 run(s), 1 hit(s), 0 error(s), 1 left on base; Oceanside 0 - Alloway 0
TOP OF THE 2ND
Oceanside Aviators batting - Pitching for Alloway Halberds : RHP Joe Holmes
Batting: SHB Robbie Anderson 0-0: Fly out, F8 (Flyball, 8RXD)
Batting: LHB Robert Bond 0-0: Ball
1-0: Ball
2-0: Called Strike
2-1: Foul Ball, location: 2F
2-2: Fly out, F8 (Flyball, 8LD)
Batting: RHB Jason Shaffer 0-0: SINGLE (Line Drive, 78S)
Batting: RHB Don Brown 0-0: Called Strike
0-1: Called Strike
0-2: Ball
1-2: Ball
2-2: Foul Ball, location: 2F
2-2: Ball
3-2: Foul Ball, location: 2F
3-2: Foul Ball, location: 2F
3-2: Strikes out swinging
Top of the 2nd over - 0 run(s), 1 hit(s), 0 error(s), 1 left on base; Oceanside 0 - Alloway 0
BOTTOM OF THE 2ND
Alloway Halberds batting - Pitching for Oceanside Aviators : LHP Jim Unknown
Batting: RHB Tracy Larson 0-0: Ball
1-0: Ball
2-0: Called Strike
2-1: Called Strike
2-2: Strikes out swinging
Batting: RHB Daniel Molina 0-0: Ball
1-0: Swinging Strike
1-1: Foul Ball, location: 2F
1-2: Ball
2-2: Ball
3-2: Base on Balls
Batting: RHB Dustin Johnstone 0-0: Called Strike
0-1: Ball
1-1: DOUBLE (Flyball, 9LS)
Daniel Molina to third
Runner from 3rd tries for Home, SAFE, throw made home
Batting: RHB Frank Carter 0-0: Fly out, F7 (Flyball, 78D)
Batting: RHB Juan Martínez 0-0: Called Strike
0-1: Ball
1-1: Foul Ball, location: 2F
1-2: Ball
2-2: Foul Ball, location: 2F
2-2: Ball
3-2: Foul Ball, location: 2F
3-2: Foul Ball, location: 2F
3-2: Base on Balls
Batting: RHB Maurice Wiebe 0-0: Ball
1-0: Called Strike
1-1: SINGLE (Line Drive, 9S)
Dustin Johnstone to third
Juan Martínez to second
Runner from 3rd tries for Home, SAFE, no throw or cutoff
Batting: RHB Bill Stewart 0-0: Ball
1-0: Ball
2-0: Ball
3-0: Called Strike
3-1: Called Strike
3-2: Ground out 1-3 (Groundball, 13S)
Bottom of the 2nd over - 2 run(s), 2 hit(s), 0 error(s), 2 left on base; Oceanside 0 - Alloway 2
TOP OF THE 3RD
Oceanside Aviators batting - Pitching for Alloway Halberds : RHP Joe Holmes
Batting: RHB Juan Torres 0-0: Foul Ball, location: 2F
0-1: Ball
1-1: Called Strike
1-2: Ball
2-2: Foul Ball, location: 2F
2-2: SINGLE (Line Drive, 7S)
Batting: SHB Joe Mueller 0-0: Ball
1-0: Grounds into double play, 4-6-3 (Groundball, 34)
Batting: RHB Eric D'Angle 0-0: Swinging Strike
0-1: Swinging Strike
0-2: Strikes out swinging
Top of the 3rd over - 0 run(s), 1 hit(s), 0 error(s), 0 left on base; Oceanside 0 - Alloway 2
BOTTOM OF THE 3RD
Alloway Halberds batting - Pitching for Oceanside Aviators : LHP Jim Unknown
Batting: RHB Jonathan Cundall 0-0: Called Strike
0-1: Ball
1-1: Foul Ball, location: 2F
1-2: SINGLE (Line Drive, 7S)
Batting: LHB Francisco Rivas 0-0: Ball
1-0: Swinging Strike
1-1: Called Strike
1-2: Strikes out swinging
Batting: RHB Tracy Larson 0-0: Swinging Strike
Jonathan Cundall is caught stealing 2nd base
0-1: Ground out 3-4 (Groundball, 3)
Bottom of the 3rd over - 0 run(s), 1 hit(s), 0 error(s), 0 left on base; Oceanside 0 - Alloway 2
TOP OF THE 4TH
Oceanside Aviators batting - Pitching for Alloway Halberds : RHP Joe Holmes
Batting: RHB Tim Little 0-0: Called Strike
0-1: Ball
1-1: Foul Ball, location: 2F
1-2: SINGLE (Groundball, 6MD)
Batting: RHB Jacob Holt 0-0: Ball
1-0: Swinging Strike
1-1: Ball
2-1: Fly out, F8 (Flyball, 8RM)
Batting: SHB Robbie Anderson 0-0: Called Strike
0-1: DOUBLE (Flyball, 7LS)
Tim Little to third
Batting: LHB Robert Bond 0-0: Ball
1-0: Ball
2-0: Called Strike
2-1: Ball
3-1: Ground out 4-3 (Groundball, 4M)
Tim Little scores
Robbie Anderson to third
Batting: RHB Jason Shaffer 0-0: Ball
1-0: Called Strike
1-1: Ground out 6-3 (Groundball, 6)
Top of the 4th over - 1 run(s), 2 hit(s), 0 error(s), 1 left on base; Oceanside 1 - Alloway 2
BOTTOM OF THE 4TH
Alloway Halberds batting - Pitching for Oceanside Aviators : LHP Jim Unknown
Batting: RHB Daniel Molina 0-0: Ball
1-0: Called Strike
1-1: Ball
2-1: Foul Ball, location: 2F
2-2: Fly out, F9 (Line Drive, 89D)
Batting: RHB Dustin Johnstone 0-0: Called Strike
0-1: Foul Ball, location: 2F
0-2: Ball
1-2: Foul Ball, location: 2F
1-2: Strikes out swinging
Batting: RHB Frank Carter 0-0: Ball
1-0: Called Strike
1-1: Ball
2-1: Foul Ball, location: 2F
2-2: Ground out 6-3 (Groundball, 6)
Bottom of the 4th over - 0 run(s), 0 hit(s), 0 error(s), 0 left on base; Oceanside 1 - Alloway 2
TOP OF THE 5TH
Oceanside Aviators batting - Pitching for Alloway Halberds : RHP Joe Holmes
Batting: RHB Don Brown 0-0: Called Strike
0-1: Called Strike
0-2: Strikes out looking
Batting: RHB Juan Torres 0-0: Called Strike
0-1: Foul Ball, location: 2F
0-2: Ball
1-2: Foul Ball, location: 2F
1-2: Fly out, F4 (Popup, 4MD)
Batting: SHB Joe Mueller 0-0: Ball
1-0: Called Strike
1-1: Foul Ball, location: 2F
1-2: SINGLE (Groundball, 4MD)
Pitching: RHP Manuel Reyes
Batting: RHB Eric D'Angle 0-0: Ball
1-0: Ball
2-0: Called Strike
2-1: Ground out 6-3 (Groundball, 6)
Top of the 5th over - 0 run(s), 1 hit(s), 0 error(s), 1 left on base; Oceanside 1 - Alloway 2
BOTTOM OF THE 5TH
Alloway Halberds batting - Pitching for Oceanside Aviators : LHP Jim Unknown
Batting: RHB Juan Martínez 0-0: Ball
1-0: Reached on error, E5 (Groundball, 6)
Batting: RHB Maurice Wiebe 0-0: Fly out, F5 (Popup, 2L)
Batting: RHB Bill Stewart 0-0: Called Strike
0-1: Called Strike
0-2: Foul Ball, location: 2F
0-2: Foul Ball, location: 2F
0-2: Ball
1-2: Fly out, F7 (Flyball, 78S)
Batting: RHB Jonathan Cundall 0-0: Fly out, F3 (Popup, 4)
Bottom of the 5th over - 0 run(s), 0 hit(s), 1 error(s), 1 left on base; Oceanside 1 - Alloway 2
TOP OF THE 6TH
Oceanside Aviators batting - Pitching for Alloway Halberds : RHP Manuel Reyes
Batting: RHB Tim Little 0-0: Ball
1-0: Foul Ball, location: 2F
1-1: Fly out, F8 (Flyball, 8RM)
Batting: RHB Jacob Holt 0-0: Ball
1-0: Ground out 1-3 (Groundball, 15)
Batting: SHB Robbie Anderson 0-0: Ball
1-0: Called Strike
1-1: Foul Ball, location: 2F
1-2: Ball
2-2: SOLO HOME RUN (Line Drive, 89XD), Distance : 419 ft
Batting: LHB Robert Bond 0-0: SINGLE (Flyball, 8RS)
Batting: RHB Jason Shaffer 0-0: Ball
1-0: Ball
2-0: Ball
3-0: Called Strike
3-1: Ground out 5-3 (Groundball, 5)
Top of the 6th over - 1 run(s), 2 hit(s), 0 error(s), 1 left on base; Oceanside 2 - Alloway 2
BOTTOM OF THE 6TH
Alloway Halberds batting - Pitching for Oceanside Aviators : LHP Jim Unknown
Batting: LHB Francisco Rivas 0-0: Foul Ball, location: 2F
0-1: Ground out 6-3 (Groundball, 6M)
Batting: RHB Tracy Larson 0-0: Foul Ball, location: 2F
0-1: Ball
1-1: Swinging Strike
1-2: Ball
2-2: Ball
3-2: Foul Ball, location: 2F
3-2: Foul Ball, location: 2F
3-2: Base on Balls
Batting: RHB Daniel Molina 0-0: Foul Ball, location: 2F
0-1: Called Strike
0-2: Ball
1-2: Ball
Tracy Larson steals 2nd base
2-2: Ball
3-2: Intentional Walk
Batting: RHB Dustin Johnstone 0-0: Fly out, F7 (Flyball, 7LM)
Batting: RHB Frank Carter 0-0: Ball
1-0: Ball
2-0: Ball
3-0: Base on Balls
Tracy Larson to third
Daniel Molina to second
Batting: RHB Juan Martínez 0-0: Called Strike
0-1: Ball
1-1: Foul Ball, location: 2F
1-2: Foul Ball, location: 2F
1-2: Foul Ball, location: 2F
1-2: Ball
2-2: Foul Ball, location: 2F
2-2: Fly out, F8 (Flyball, 8LD)
Bottom of the 6th over - 0 run(s), 0 hit(s), 0 error(s), 3 left on base; Oceanside 2 - Alloway 2
TOP OF THE 7TH
Oceanside Aviators batting - Pitching for Alloway Halberds : RHP Manuel Reyes
Batting: RHB Don Brown 0-0: Called Strike
0-1: Foul Ball, location: 2F
0-2: Ball
1-2: Strikes out swinging
Batting: RHB Juan Torres 0-0: Ball
1-0: Called Strike
1-1: Foul Ball, location: 2F
1-2: Ball
2-2: SINGLE (Line Drive, 7S)
Pinch Hitting: RHB Bernardo Herrera 0-0: Foul Ball, location: 2F
0-1: Ball
1-1: SINGLE (Flyball, 8LS)
Juan Torres to second
Batting: RHB Eric D'Angle 0-0: Ball
1-0: Ball
2-0: SINGLE (Line Drive, 89S)
Juan Torres to third
Bernardo Herrera to second
Runner from 3rd tries for Home, SAFE, throw made home
Pitching: RHP Steve Terry
Pinch Hitting: SHB Stephen Fraven 0-0: Called Strike
0-1: Ball
1-1: Called Strike
Bernardo Herrera is caught stealing 3rd base
Eric D'Angle to second
1-2: Ball
2-2: Foul Ball, location: 2F
2-2: Ball
3-2: SINGLE (Groundball, 5L)
Eric D'Angle to third
Eric D'Angle scores
Batting: RHB Jacob Holt 0-0: Ball
1-0: Ball
2-0: Called Strike
2-1: Foul Ball, location: 2F
2-2: Foul Ball, location: 2F
2-2: Foul Ball, location: 2F
2-2: Ball
3-2: Fly out, F2 (Popup, 2RF)
Top of the 7th over - 2 run(s), 4 hit(s), 0 error(s), 1 left on base; Oceanside 4 - Alloway 2
BOTTOM OF THE 7TH
Alloway Halberds batting - Pitching for Oceanside Aviators : LHP Jim Unknown
Now at 2B: Bernardo Herrera
Now at 3B: Stephen Fraven
Batting: RHB Maurice Wiebe 0-0: Ball
1-0: SINGLE (Line Drive, 8RS)
Batting: RHB Bill Stewart 0-0: Ball
1-0: Called Strike
1-1: Sac Bunt - play at first, batter OUT! 1-3
Maurice Wiebe to second
Batting: RHB Jonathan Cundall 0-0: Swinging Strike
0-1: Ball
1-1: Called Strike
1-2: Ground out 5-3 (Groundball, 56)
Batting: LHB Francisco Rivas 0-0: Ball
1-0: Ball
2-0: Called Strike
2-1: Ball
3-1: Fly out, F5 (Popup, 5F)
Bottom of the 7th over - 0 run(s), 1 hit(s), 0 error(s), 1 left on base; Oceanside 4 - Alloway 2
TOP OF THE 8TH
Oceanside Aviators batting - Pitching for Alloway Halberds : RHP Steve Terry
Batting: SHB Robbie Anderson 0-0: Foul Ball, location: 2F
0-1: Ball
1-1: Swinging Strike
1-2: Ball
2-2: Foul Ball, location: 2F
2-2: Fly out, F5 (Line Drive, 5)
Batting: LHB Robert Bond 0-0: Swinging Strike
0-1: Ground out 6-3 (Groundball, 6)
Batting: RHB Jason Shaffer 0-0: Fly out, F9 (Flyball, 9M)
Top of the 8th over - 0 run(s), 0 hit(s), 0 error(s), 0 left on base; Oceanside 4 - Alloway 2
BOTTOM OF THE 8TH
Alloway Halberds batting - Pitching for Oceanside Aviators : LHP Jim Unknown
Now in RF: Curt Bryant
Batting: RHB Tracy Larson 0-0: Called Strike
0-1: Called Strike
0-2: Ball
1-2: Ball
2-2: DOUBLE (Line Drive, 5D)
Batting: RHB Daniel Molina 0-0: Fly out, F8 (Flyball, 8LM)
Batting: RHB Dustin Johnstone 0-0: Ball
1-0: Ground out 6-3 (Groundball, 56)
Batting: RHB Frank Carter 0-0: Ground out 6-3 (Groundball, 6M)
Bottom of the 8th over - 0 run(s), 1 hit(s), 0 error(s), 1 left on base; Oceanside 4 - Alloway 2
TOP OF THE 9TH
Oceanside Aviators batting - Pitching for Alloway Halberds : RHP Steve Terry
Pitching: RHP Jim Unknown
Batting: RHB Don Brown 0-0: SINGLE (Line Drive, 56D)
Batting: RHB Juan Torres 0-0: Ball
1-0: Bunt missed!
1-1: Bunted foul
1-2: Ball
2-2: Ball
3-2: Foul Ball, location: 2F
3-2: Foul Ball, location: 2F
3-2: Base on Balls
Don Brown to second
Batting: RHB Bernardo Herrera 0-0: Sac Bunt - play at first, batter OUT! 1-3
Don Brown to third
Juan Torres to second
Batting: RHB Eric D'Angle 0-0: Intentional Walk
Batting: SHB Stephen Fraven 0-0: Grounds into double play, 4-6-3 (Groundball, 34)
Top of the 9th over - 0 run(s), 1 hit(s), 0 error(s), 2 left on base; Oceanside 4 - Alloway 2
BOTTOM OF THE 9TH
Alloway Halberds batting - Pitching for Oceanside Aviators : LHP Jim Unknown
Pitching: RHP Jim Unknown
Batting: RHB Juan Martínez 0-0: Called Strike
0-1: SINGLE (Flyball, 8RS)
Pinch Hitting: LHB Luis Gutiérrez 0-0: Called Strike
0-1: Ball
1-1: Fly out, F8 (Flyball, 8LS)
Pinch Hitting: LHB Mark Crawford 0-0: Swinging Strike
0-1: Swinging Strike
0-2: Fielders Choice at 2nd, 4-6 (Groundball, 4)
Batting: RHB Jonathan Cundall 0-0: Called Strike
0-1: Ball
1-1: Called Strike
1-2: Ball
2-2: Fielders Choice at 2nd, 5-4 (Groundball, 56)
Bottom of the 9th over - 0 run(s), 1 hit(s), 0 error(s), 0 left on base; Oceanside 4 - Alloway 2
This league is powered by Out of the Park Baseball, the baseball management simulation game for PC, Mac and Linux
Friday, October 23rd, 2015 - OOTP Baseball 16.9 Build 39